 Dungeon Crawl Stone Soup version 0.19-a0-1456-gc747e27 (webtiles) character file.

20 PurpleRed the Conjurer (level 2, 0/15 HPs)
             Began as a Deep Elf Conjurer on Sept 6, 2016.
             Slain by a worker ant (3 damage)
             ... on level 4 of the Dungeon.
             The game lasted 00:02:37 (348 turns).

PurpleRed the Conjurer (Deep Elf Conjurer)           Turns: 348, Time: 00:02:38

Health: 0/15       AC:  3    Str:  5    XL:     2   Next: 58%
Magic:  4/8        EV: 13    Int: 19    God:
Gold:   70         SH:  0    Dex: 15    Spells: 1 memorised, 7 levels left

rFire  . . .     SeeInvis .     g - +0 club
rCold  . . .     Gourm    .     a - +0 robe
rNeg   . . .     Faith    .     (no shield)
rPois  .         Spirit   .     (no helmet)
rElec  .         Dismiss  .     (no cloak)
rCorr  .         Reflect  .     (no gloves)
MR     .....     Harm     .     e - +0 pair of boots
Stlth  ++........               (no amulet)
                                (no ring)
                                (no ring)

@: no status effects
A: no striking features
a: no special abilities


You were on level 4 of the Dungeon.
You were not hungry.

You visited 1 branch of the dungeon, and saw 4 of its levels.

You collected 70 gold pieces.

Inventory:

Hand Weapons
 g - a +0 club (weapon)
Missiles
 h - a tomahawk (quivered)
Armour
 a - a +0 robe (worn)
 e - a +0 pair of boots (worn)
Wands
 f - a wand of flame (29/48)
Books
 b - a book of Conjurations

   Spells                             Type                      Level
   a - Magic Dart                     Conjuration                  1
   b - Searing Ray                    Conjuration                  2
   c - Dazzling Spray                 Conjuration/Hexes            3
   d - Fulminant Prism                Conjuration/Hexes            4
   e - Iskenderun's Mystic Blast      Conjuration                  4
   f - Iskenderun's Battlesphere      Conjuration/Charms           5
Comestibles
 c - a bread ration
 d - a beef jerky
 i - a slice of pizza
 j - a meat ration


   Skills:
 - Level 2.4 Dodging
 - Level 2.4 Stealth
 + Level 3.9 Spellcasting
 * Level 4.8 Conjurations


You had 7 spell levels left.
You knew the following spells:

 Your Spells              Type           Power        Failure   Level  Hunger
a - Magic Dart            Conj           ###.         1%          1    None


Dungeon Overview and Level Annotations

Branches:
Dungeon (4/15)
 Temple: D:4-7

Altars:

Shops:
D:4 %


Message History

Aim: an orc, wielding a short sword and wearing a scale mail The magic dart hits the worker ant.
The worker ant bites you but does no damage.
Casting: Magic Dart
Confirm with . or Enter, or press ? or * to list all spells.
Aiming: Magic Dart
Press: ? - help, Shift-Dir - straight line, f/p - orc
Aim: an orc, wielding a short sword and wearing a scale mail The magic dart hits the worker ant.
The worker ant is lightly wounded.
The worker ant barely misses you.
Casting: Magic Dart
Confirm with . or Enter, or press ? or * to list all spells.
Aiming: Magic Dart
Press: ? - help, Shift-Dir - straight line, f/p - orc
Aim: an orc, wielding a short sword and wearing a scale mail The magic dart hits the worker ant.
The worker ant is moderately wounded.
The worker ant bites you.
You die...

#.##.############.
#.....................
#..#........#####.....
#......####.# #.......# ##
#.##...# #.# #.....).. ...
#.##...# #.# #....# .# .#
##.##......# #.# #... .# ..#
.......#.8#####.###.#####.##..#
................@aoo...........
##.##..8.∩.8.##.###a###.......#
...##......####.###.# #....#..#
.........8..))......# #o...#
##.###......###.#######....#..
#...........##... #.........#
.#.###......###.....#.###.##.##
.#..o.............[.#a# .# .#
....###....####.....#.# .# #


You could see 2 worker ants and 2 orcs.

Vanquished Creatures
  An ooze (D:3)
  3 orcs
  4 hobgoblins
  A bat (D:1)
  A giant newt (D:3)
  A goblin (D:2)
  A rat (D:2)
12 creatures vanquished.

Vanquished Creatures (others)
  A giant newt (D:1)
1 creature vanquished.

Grand Total: 13 creatures vanquished

Notes
Turn   | Place    | Note
-------+----------+-------------------------------------------
     0 | D:1      | PurpleRed the Deep Elf Conjurer began the quest for the Orb.
     0 | D:1      | Reached XP level 1. HP: 10/10 MP: 6/6
   162 | D:3      | Reached XP level 2. HP: 14/15 MP: 0/8
   211 | D:4      | Found Vuwnid's Food Boutique.
   348 | D:4      | Slain by a worker ant

Vault maps used:
D:1:      saegor_arrival_simple_e, lemuel_flame_loot_1
D:2:      minitemple
D:3:      first_bread, minmay_ogre_servants
D:4:      nicolae_gozag_seed_capital, serial_shops, nicolae_shop_statue_plus,
          shop, uniq_robin

Action                   || total
-------------------------++-------
Melee: Club              ||    12
       Unarmed           ||     1
 Cast: Magic Dart        ||    32
  Use: Scroll            ||     1
Armor: Robe              ||     7
Dodge: Dodged            ||    21
